Cogmind - Beta 17 @@@ ROGUE MODE // 2026.07.05 @ 21:23:58 Player: hellbent Result: Destroyed by H-55 Commando with Precision Assault Rifle Performance ------------- Evolutions (1) 500 Regions Visited (2) 400 Robots Destroyed (56) 280 Value Destroyed (1347) 1347 Prototype IDs (6) 120 Alien Tech Used (0) 0 Bonus (6050) 6050 TOTAL SCORE: 8697 Bonus ------- Prayed to X0-1V1 5000 Major X0-1V1 Interference 1050 Cogmind --------- Core Integrity 0/400 Matter 88/300 Energy 250/250 System Corruption 15% Temperature Hot (218) Movement Rolling (100) Ox2 Location -9/Materials Parts ------- > --- POWER (1) -------- Ion Engine > --- PROPULSION (2) --- Wheel Flight Unit > --- UTILITY (4) ------ Medium Storage Unit Power Shielding Utility Shielding > --- WEAPON (2) ------- Field Laser Grenade Launcher > --- INVENTORY (10) --- Ion Engine Wheel Compact Wheel Large Battery (200) High-capacity Matter Pod (50) Weight Redist. System Seismic Detector Flak Cannon Flak Cannon Peak State ------------ > --- POWER ------------ Improved Ion Engine > --- PROPULSION ------- Compact Wheel Compact Wheel > --- UTILITY ---------- Medium Storage Unit Seismic Detector Light Armor Plating X0-1V1's Piety Tracker > --- WEAPON ----------- Flak Cannon Flak Cannon > --- INVENTORY -------- Ion Engine Wheel Wheel Compact Wheel Large Battery High-capacity Matter Pod Weight Redist. System Seismic Detector Field Laser Grenade Launcher [Rating: 27] Favorites ----------- Power Ion Engine Engine Ion Engine Propulsion Light Treads Treads Light Treads Wheel Compact Wheel Flight Unit Flight Unit Utility Medium Storage Unit Device X0-1V1's Piety Tracker Storage Medium Storage Unit Processor Targeting Computer Protection Light Armor Plating Weapon Medium Laser Energy Gun Medium Laser Energy Cannon Advanced Beam Cannon Ballistic Gun Assault Rifle Ballistic Cannon Flak Cannon Launcher Grenade Launcher Build | -11 -10 -9 ------- Run | Yrd Mat Mat Slots Evolved 2 | . . 2 Power . | . . . Propulsion . | . . . Utility 2 | . . 2 Weapon . | . . . Parts Attached 41 | 7 12 22 Power 6 | 1 1 4 Engine 6 | 1 1 4 Core . | . . . Reactor . | . . . Propulsion 9 | 2 3 4 Treads 2 | . 2 . Leg . | . . . Wheel 6 | 2 1 3 Hover . | . . . Flight 1 | . . 1 Utility 13 | 1 6 6 Device 5 | . 2 3 Storage 2 | 1 1 . Processor 1 | . 1 . Hackware . | . . . Protection 5 | . 2 3 Artifact . | . . . Weapon 13 | 3 2 8 Energy Gun 3 | 2 . 1 Energy Cannon 2 | . . 2 Ballistic Gun 1 | 1 . . Ballistic Cannon 4 | . . 4 Launcher 3 | . 2 1 Special Weapon . | . . . Impact Weapon . | . . . Slashing Weapon . | . . . Piercing Weapon . | . . . Special Melee Weapon . | . . . Unidentified Prototypes 2 | . 1 1 Parts Lost 11 | . 2 9 Power 3 | . 1 2 Propulsion 2 | . . 2 Utility 4 | . . 4 Weapon 2 | . 1 1 Highest Loss Streak 3 | . 1 3 To Critical Strikes . | . . . Average Backups 8 | 2 8 9 Power 1 | . 1 1 Propulsion 2 | 1 2 2 Utility 3 | . 3 3 Weapon 1 | . 1 1 Tool/Special . | . . . Unused Backups 9 | . 2 7 Power 1 | . . 1 Propulsion 2 | . . 2 Utility 4 | . 1 3 Weapon 1 | . . 1 Tool/Special 1 | . 1 . Average Slot Usage (%) 92 | . 96 85 Engine 12 | . 13 10 Treads 12 | . 21 . Wheel 11 | . 6 18 Device 8 | . 4 14 Storage 12 | . 14 11 Protection 7 | . 8 7 Energy Gun 11 | . 16 4 Ballistic Gun 3 | . 6 . Ballistic Cannon 5 | . . 14 Launcher 2 | . 3 1 Peak Build Rating 27 | 6 20 27 Average Rating 13 | 4 7 23 On Entrance 8 | . 6 20 Avg Prop Armor Cover (%) 5 | . 9 3 Naked Turns . | . . . Heaviest Build 34 | 14 23 34 Greatest Support 40 | 32 40 32 Greatest Overweight (x) 2 | . 1 2 Average Overweight (x) . | . . . Largest Inventory Capacity 10 | 8 10 10 Average Capacity 9 | 6 9 10 Most Carried 10 | 4 10 10 Average Carried 8 | 2 8 9 Final Capacity 10 | 8 10 10 Final Carried 10 | 4 10 9 Class Distribution -------------------- 100% | Mutant Dominant Class ---------------- Mutant | -10/Materials Mutant | -9/Materials Resources | -11 -10 -9 ----------- Run | Yrd Mat Mat Matter Collected 1668 | 205 561 902 Remotely . | . . . Salvage Created 1174 | . 564 610 Parts 92 | . 47 45 Haulers Intercepted . | . . . Recyclers Shooed 1 | . 1 . Parts Field Recycled . | . . . Retrieved Matter . | . . . Parts Self-Destructed . | . . . Prevented . | . . . Parts Restored . | . . . Kills | -11 -10 -9 ------- Run | Yrd Mat Mat Combat Hostiles Destroyed 42 | . 16 26 Guns 21 | . 16 5 Cannons 15 | . . 15 AOE 6 | . . 6 Classes Destroyed 11 | . 6 5 Worker 1 | . 1 . Builder 3 | . 1 2 Tunneler 1 | . . 1 Recycler 2 | . 2 . Mechanic 1 | . . 1 Operator 1 | . . 1 Watcher 5 | . 2 3 Swarmer 16 | . 9 7 Grunt 19 | . 7 12 Sentry 5 | . . 5 Hunter 2 | . . 2 Best Kill Streak 7 | . 4 7 Combat Bots Only 5 | . 4 5 Max Kills in Single Turn 5 | . 1 5 Gunslinging . | . . . Exploded 2 | . . 2 Melee . | . . . Uniques/NPCs Destroyed . | . . . Combat | -11 -10 -9 -------- Run | Yrd Mat Mat Hostile Shots Fired 268 | . 105 163 Missed 73 | . 29 44 Hits 195 | . 76 119 Projectile 195 | . 76 119 Critical Strikes 5 | . 1 4 Damage Taken 2461 | . 762 1699 Core 530 | . 113 417 Absorbed by Shields . | . . . Redirected to Shielding 17 | . . 17 Regen/Repaired (Parts) 274 | . 134 140 Core Remaining (%) 77 | 100 54 . Volleys Fired 149 | . 69 80 Largest 2 | . 2 2 Hottest 101 | . 100 101 Shots Fired 253 | . 126 127 Gun 152 | . 122 30 Cannon 87 | . . 87 Launcher 14 | . 4 10 Special . | . . . Kinetic 127 | . 48 79 Thermal 112 | . 74 38 Explosive 14 | . 4 10 Electromagnetic . | . . . Robot Hit Streak 11 | . 11 7 Robot Miss Streak 11 | . 6 11 Penetration Max . | . . . Secondary Targets 3 | . 3 . Max Gunslinging Chain 1 | . 1 . Shots Hit Robots 155 | . 66 89 Core Hits 120 | . 33 87 Critical Kills . | . . . Critical Parts Destroyed . | . . . Critical Strikes 7 | . 6 1 Burn 7 | . 6 1 Melee Attacks . | . . . Impact . | . . . Slashing . | . . . Piercing . | . . . Sneak Attacks . | . . . Combat Hostiles . | . . . Follow-up Attacks . | . . . Damage Inflicted 3369 | . 1035 2334 Guns 1084 | . 826 258 Cannons 1285 | . . 1285 Explosions 1000 | . 209 791 Melee . | . . . Ramming . | . . . Kinetic 1613 | . 349 1264 Thermal 756 | . 477 279 Explosive 1000 | . 209 791 Electromagnetic . | . . . Impact . | . . . Slashing . | . . . Piercing . | . . . Highest Corruption 15 | . . 15 Average Corruption 13 | . . 13 Corruption Purged . | . . . Corruption Blocked . | . . . Effects 18 | . . 18 Message Errors 3 | . . 3 Matter Fused 6 | . . 6 Heat Flow Errors 3 | . . 3 Energy Discharges 1 | . . 1 Data Loss (minor) 2 | . . 2 Data Loss (major) 2 | . . 2 Weapon Failures 1 | . . 1 Overload Shots . | . . . Overflow Damage 8 | . . 8 Projectiles 8 | . . 8 Explosions . | . . . Melee . | . . . Knockbacks 27 | . . 27 Impact . | . . . Kinetic 26 | . . 26 Secondary 1 | . . 1 Self-Inflicted Damage 82 | . 10 72 Shots 6 | . 1 5 Rammed . | . . . Targets Rammed . | . . . Kicked . | . . . Crushed . | . . . Highest Temperature 341 | . 288 341 Average Temperature 102 | . 90 114 Received Heat Transfer 759 | . 282 477 Effects 3 | . 1 2 Energy Bleed 2 | . 1 1 Damage (minor) 1 | . . 1 Siege Activations . | . . . Martial Activations . | . . . Shielding Activations . | . . . Robots Disrupted . | . . . Combat Hostiles . | . . . Robots Corrupted . | . . . Combat Hostiles . | . . . Parts Fried . | . . . Impact Corruptions . | . . . Robots Melted . | . . . Combat Hostiles . | . . . Parts Melted 4 | . 3 1 Heat Transferred 2590 | . 1850 740 Parts Sabotaged . | . . . Parts Stolen . | . . . Parts Stripped . | . . . Power Chain Reactions . | . . . Alert | -11 -10 -9 ------- Run | Yrd Mat Mat Maximum Alert Level 1 | . . 1 Low Security (%) 80 | 100 100 51 Level 1 19 | . . 48 Level 2 . | . . . Level 3 . | . . . Level 4 . | . . . Level 5 . | . . . High Security . | . . . Max Security . | . . . Peak Influence 335 | . 155 335 Initial 3 | . . 3 Average 111 | . 69 181 Influence Increases 1383 | . 457 926 Destroy 0b10 Robot/C 840 | . 320 520 Destroy 0b10 Robot/NC 70 | . 30 40 Destroy Leader 160 | . 64 96 Successful Hack 35 | . 21 14 Disable Machine 15 | . . 15 Destroy Structure 56 | . 22 34 Lose Combat Pursuer 15 | . . 15 Miscellaneous 192 | . . 192 Influence Decreases 1048 | . 449 599 Entered New Map 5 | . . 5 Time Decay 783 | . 429 354 Lost Part 110 | . 20 90 Purge Threat 150 | . . 150 Squads Dispatched 5 | . 2 3 Investigation . | . . . Extermination . | . . . Reinforcement 5 | . 2 3 Assault . | . . . Garrison . | . . . Intercept . | . . . Searches Triggered . | . . . Construction Impeded . | . . . Haulers Reinforced . | . . . Active Scanning Responses . | . . . Cargo Convoy Interrupts . | . . . Stealth | -11 -10 -9 --------- Run | Yrd Mat Mat Distress Signals 5 | . 1 4 Communications Jammed . | . . . Distress Signals . | . . . Times Spotted 69 | . 29 40 Peak Tracking Total 7 | . 7 6 Tactical Retreats 1 | . . 1 Traps | -11 -10 -9 ------- Run | Yrd Mat Mat Traps Triggered 4 | . 3 1 Indirectly . | . . . Trap Hack Attempts . | . . . Triggered . | . . . Disarmed . | . . . Reprogrammed . | . . . Reused . | . . . Traps Extracted . | . . . Installed . | . . . Triggered . | . . . Machines | -11 -10 -9 ---------- Run | Yrd Mat Mat Machines Disabled 1 | . . 1 Max in Single Turn 1 | . . 1 Machines Repaired . | . . . Machines Dismantled . | . . . Machines Sabotaged . | . . . Overloaded Fab Kills . | . . . Hacking | -11 -10 -9 --------- Run | Yrd Mat Mat Machines Accessed 11 | . 7 4 Terminals 7 | . 6 1 Fabricators . | . . . Repair Stations 2 | . 1 1 Recycling Units . | . . . Scanalyzers 2 | . . 2 Garrison Access . | . . . Total Hacks 32 | . 22 10 Successful 16 | . 11 5 Failed 15 | . 11 4 Catastrophic 2 | . 1 1 Database Lockouts 1 | . . 1 Manual 21 | . 18 3 Terminals 21 | . 18 3 Fabricators . | . . . Repair Stations 6 | . 4 2 Recycling Units . | . . . Scanalyzers 5 | . . 5 Garrison Access . | . . . Terminal Hacks 6 | . 5 1 Part Schematic 2 | . 2 . Prototype ID Bank 2 | . 2 . Unreport Threat 1 | . . 1 Locate Traps 1 | . 1 . Fabricator Hacks . | . . . Repair Station Hacks 5 | . 3 2 Scan Component 3 | . 2 1 Repair 2 | . 1 1 Recycling Unit Hacks . | . . . Scanalyzer 2 | . . 2 Insert Component 1 | . . 1 Retrieve Study 1 | . . 1 Garrison Access Hacks . | . . . Unauthorized Hacks 3 | . 3 . Terminals 3 | . 3 . Botnet 3 | . 3 . Fabricators . | . . . Repair Stations . | . . . Recycling Units . | . . . Scanalyzers . | . . . Garrison Access . | . . . Data Cores Recovered . | . . . Used . | . . . Hacking Detections 10 | . 7 3 Full Trace Events 1 | . 1 . Feedback Events . | . . . Feedback Blocked . | . . . Robot Schematics Acquired . | . . . Robots Built . | . . . Authchips . | . . . Time . | . . . Total Robot Build Rating . | . . . Part Schematics Acquired 2 | . 2 . Parts Built . | . . . Authchips . | . . . Time . | . . . Total Part Build Rating . | . . . Part Studies Acquired 1 | . . 1 Parts Repaired 2 | . 1 1 Time 64 | . 26 38 Parts Recycled . | . . . Recycled Matter . | . . . Retrieved Matter . | . . . Retrieved Components . | . . . Parts Scanalyzed 1 | . . 1 Part Schematics Acquired . | . . . Parts Damaged . | . . . Bothacking | -11 -10 -9 ------------ Run | Yrd Mat Mat Used RIF Installer . | . . . Robots Hacked . | . . . Non-combat . | . . . Combat . | . . . Robot Hacks Applied . | . . . Relay Couplers Released . | . . . Fabnet Peak Effective % . | . . . Robots Rewired . | . . . Allies Hacked . | . . . Hacks Repelled . | . . . Allies | -11 -10 -9 -------- Run | Yrd Mat Mat Total Allies . | . . . Largest Group . | . . . Highest-Rated Group . | . . . Highest-Rated Ally . | . . . Total Orders . | . . . Ally Attacks . | . . . Total Damage . | . . . Kills . | . . . Allies Corrupted . | . . . Allies Melted . | . . . X0-1V1 Amusement Gains 18 | . 8 10 Good Acts 1 | . . 1 Bad Acts 12 | . . 12 Intel | -11 -10 -9 ------- Run | Yrd Mat Mat Active Infowar (turns) 702 | . 395 307 Sensors 395 | . 395 . Seismic 307 | . . 307 Robot Analysis Total . | . . . Derelict Logs Recovered . | . . . Drone Launches . | . . . Drone Recoveries . | . . . Exploration | -11 -10 -9 ------------- Run | Yrd Mat Mat Turns Passed 2266 | 60 1310 896 Spaces Moved 1257 | 48 719 490 Core 3 | 3 . . Treads 447 | . 447 . Legs . | . . . Wheels 807 | 45 272 490 Hover . | . . . Flight . | . . . Fastest Speed 50 | 50 100 85 Average Speed 121 | 96 138 98 Slowest Speed 160 | 100 160 115 Overloaded Moves . | . . . Propulsion Burnouts . | . . . Robots Hopped . | . . . Potential Cave-ins . | . . . Cave-ins Triggered . | . . . Exploration Rate (%) 47 | 3 99 40 Regions Visited 2 Branch Regions . Pre-discovered Areas . | . . . Known Exits Taken . | . . . Unknown Exits Taken 2 | 1 1 . Scrap Searched . | . . . Spaces Dug . | . . . Terrain Destroyed 53 | . 20 33 Melee . | . . . Projectile . | . . . AOE 53 | . 20 33 Terrain Rammed . | . . . Walls Destroyed . | . . . Machines Disabled . | . . . Actions | -11 -10 -9 --------- Run | Yrd Mat Mat Total 1743 | 59 904 780 Wait 233 | . 75 158 Move 1255 | 47 718 490 Hop . | . . . Pick Up 22 | 4 11 7 Fast Attach 32 | 6 13 13 Attach 11 | 1 4 6 Detach 5 | 1 2 2 Swap 13 | . 4 9 Drop 23 | . 8 15 Fire 149 | . 69 80 Melee . | . . . Ram . | . . . Kick . | . . . Crush . | . . . Escape Stasis . | . . . Rewire . | . . . Trap . | . . . Miscellaneous . | . . . Route ------- -11/Scrapyard -10/Materials (discovered 6 exits: *Mat x3 / [*Min x2] / [*Sub]) -9/Materials (discovered 1 exit: [*Min]) History --------- Turn | Location | Event 21 | -11/Scrapyard | Discovered new exit (range 14) 61 | -11/Scrapyard | Entered Materials 155 | -10/Materials | Discovered new exit (range 8) 307 | -10/Materials | Build established: Mutant 307 | -10/Materials | Discovered new exit (range 16) 528 | -10/Materials | Repaired Lgt. Treads 747 | -10/Materials | Discovered new exit (range 15) 929 | -10/Materials | Discovered new exit (range 14) 1067 | -10/Materials | Discovered new exit (range 11) 1348 | -10/Materials | Discovered new exit (range 5) 1354 | -10/Materials | Prayed at D.C.S.S. Altar Unit 1371 | -10/Materials | Entered another Materials area 1371 | -9/Materials | Evolved 2 slots: Utility x2 1512 | -9/Materials | X0-1V1 upgraded hostiles (x1) 1580 | -9/Materials | X0-1V1 enhanced Transport squad support 1651 | -9/Materials | X0-1V1 added 0b10 threat records associated with you (considerable) 1757 | -9/Materials | Central database locked down 1792 | -9/Materials | System corruption reached 10% 1997 | -9/Materials | Core integrity fell below 50% 2074 | -9/Materials | Lost 3 parts (1p1n1u) 2109 | -9/Materials | Repaired Flak Cannon 2164 | -9/Materials | Discovered new exit (range 16) 2255 | -9/Materials | Core integrity fell below 20% 2267 | -9/Materials | Destroyed by H-55 Commando with Precision Assault Rifle Last Messages --------------- 02259_ O-16 Technician destroyed. 02259_ W-16 Scout destroyed. 02260_ Penetrated by Slug. 02261_ X0-1V1 feels inspired! G-34 Mercenary Sml. Laser replaced by Particle Gun. H-55 Commando Gauss Rifle replaced by Prototype Ballistic Gun. H-55 Commando Assault Rifle replaced by Hvy. Assault Rifle. 02261_ Penetrated by Slug. 02262_ U-05 Engineer lays Concrete. 02262_ Ion Engine melted. 02262_ G-34 Mercenary destroyed. 02263_ U-05 Engineer lays Concrete. 02264_ Penetrated by Slug. 02264_ U-05 Engineer lays Concrete. 02267_ Slug penetrates H-55 Commando. 02267_ U-05 Engineer lays Concrete. 02267_ X0-1V1 bursts into laughter! Map ----- +----------------------------------------------------+ | ?????????????????????????????????????? | | ?????????????????????????????????????? | | ?????????????????????????????????????? | | ?????????????????????????????????????? | | ?????????????????????????????????????? | | ?????????????????????????????????????? | | ?????????????????????????????????????? | | ?????????????????????????????????????? | | ?????????????????????????????????????? | | ??????????????????????? < ???????????? | | ?????????????????????? ???????????? | | ?????????????????????? ???????????? | | ?????????????????????? ???????????? | | ??????????????#+####### ?##????????? | | ?????????????? # # ????????? | | ????????????? == + ?????????? | | ????????????? == # ?????????? | | ???????????? u == / # ?????????? | | ???????????? ?????????? | | ?????????????# h ??????????? | | ?????????????# % % #########?? | | ?????????????+ a %= #?? | | ?????????????# [ """ #?? | | ?????????????# % # """ #?? | | ?????????????# """%" % # """ #?? | | ?????????????# """"""" @/^ #?? | | ?????????????# """"""" # #?? | | ?????????????# """""""!%=# "" "" #?? | | ????????????## """"""" #^""S"" #?? | | ????????????# # """" #?? | | ????????????# ###########? | | ????????????# ##### ## [ #? | | ????????????# #??## ## "" #? | | #####???????# #??# #="" = #? | | #???????#######??# #["!* = #? | | #???????########## k / == #? | | #???????# # """ = #? | | """ #???????# ##### # "R #? | | """ #########+## #???####### """ #? | | """ ## * # #?????????# #? | | ## # #?????????#### #####? | | #=## """ """ # #????????????###????? | | *%# """ """ # #???????????????????? | | [ =+ """ """ # #???????????????????? | | # # #???????????????????? | | ## # #???????????????????? | | ### #[????????????????????? | | #?###########%????????????????????? | | !!!#????????????=????????????????????? | | !!!#????????????*????????????????????? | +----------------------------------------------------+ Best States ------------- Heat Dissipation 28 Energy Generation 12 Energy Capacity 265 Matter Stores 300 Matter Capacity 300 Sight Range 16 Robot Scan Range 14 Terrain Scan Density 10 Additional Mass Support 6 Armor Coverage 150 Power Shielding 33 Utility Shielding 33 Evasion (%) 43 Targeting Accuracy 5 Recoil Reduction 2 Item Schematics ----------------- Hcp. Battery | -10/Materials | Hacked Hammer | -10/Materials | Hacked Robot Schematics ------------------ None Fabricated ------------ Nothing Repaired ---------- Lgt. Treads | 4% | -10/Materials Flak Cannon | 6% | -9/Materials Studied --------- Wheel | -9/Materials | Hacked Alien Tech Used ----------------- None Achievements -------------- None Challenges ------------ None Game ------ Seed ActuatorImprinterBasin Manual? 0 Play Time 00:26:13 Cumulative 72.5 hours Start 2026.07.05 @ 20:59:04 End 2026.07.05 @ 21:23:58 Sessions 1 Manual Loads 0 Difficulty Rogue Special Mode None Game No. 81 Rogue 81 Adventurer 0 Explorer 0 Win Type - Total 2 Types 2/0/0/0/0/0/0/0/0/0 Lore% 28 Gallery% 39 Achievement% 31 Wizard Run 0 Options --------- Layout 1 ASCII 0 Keyboard 0 Movement Mouse Keybinds 0 Fullscreen 1 Font 24/Smallcaps Map View 50x35 Zoom Use 51% Tactical HUD 1 Map Filters NONE Filters NONE Steam 1 RUN: 00a00913-77b4-4c95-8b3c-4c30ea1ba69a